 Dungeon Crawl Stone Soup version 0.17-a0-2070-g2a5e0a8 (webtiles) character file.

159 Ordine the Cudgeler (level 5, -4/54 HPs)
             Began as an Ogre Berserker on Oct 14, 2015.
             Was a Believer of Trog.
             Killed from afar by an orc wizard (10 damage)
             ... with a magic dart
             ... on level 3 of the Dungeon.
             The game lasted 00:06:26 (2280 turns).

Ordine the Cudgeler (Ogre Berserker)                Turns: 2280, Time: 00:06:26

Health: -4/54      AC:  3    Str: 23    XL:     5   Next: 40%
Magic:  5/5        EV: 10    Int:  6    God:    Trog [**....]
Gold:   91         SH:  0    Dex:  9    Spells: 0 memorised, 4 levels left

rFire  . . .     SeeInvis .     a - +0 mace
rCold  . . .     Clarity  .     b - +0 animal skin
rNeg   + . .     SustAt   .     (no shield)
rPois  .         Gourm    .     (helmet restricted)
rElec  .         Spirit   .     (no cloak)
rCorr  .         Warding  .     (gloves unavailable)
rMut   .         Stasis   .     (boots unavailable)
MR     ++...                    (no amulet)
Stlth  +.........               (no ring)
                                m - ring of positive energy

@: exhausted, regenerating, slowed, very slow, very resistant to hostile
enchantments, very unstealthy
A: unfitting armour, tough skin 1
a: Burn Spellbooks, Berserk, Trog's Hand, Renounce Religion


You were on level 3 of the Dungeon.
You worshipped Trog.
Trog was pleased with you.
You were hungry.

You visited 1 branch of the dungeon, and saw 3 of its levels.

You collected 91 gold pieces.

Inventory:

Hand Weapons
 a - a +0 mace (weapon)
Missiles
 e - 88 stones (quivered)
 f - 37 poisoned needles
Armour
 b - a +0 animal skin (worn)
Jewellery
 m - a ring of positive energy (left hand)
Scrolls
 g - a scroll of teleportation
 i - a scroll of immolation
 o - 3 scrolls of blinking
Potions
 d - a potion of flight
 h - 2 potions of cancellation
 j - a potion of might
 l - a potion of haste
Comestibles
 c - 2 bread rations
 k - a meat ration
 n - a slice of pizza
 p - 2 chunks of flesh
 q - a royal jelly


   Skills:
 - Level 4.0 Fighting
 + Level 7.8 Maces & Flails
 - Level 2.6 Dodging


You had 4 spell levels left.
You didn't know any spells.

Dungeon Overview and Level Annotations

Branches:
Dungeon (3/15)

Altars:


Innate Abilities, Weirdness & Mutations

You are too large for most types of armour.
You have tough skin (AC +1).


Message History

You hear some strange, mumbled words.
Something tries to affect you, but you resist.
Something hits you but does no damage.
Use which ability?
Your skin crawls.
You feel resistant to hostile enchantments.
You feel slightly more hungry.
You hear some strange, mumbled words.
A magic dart appears from out of thin air!
The magic dart hits you!
* * * LOW HITPOINT WARNING * * *
Unknown command.
Drink which item? (? for menu, Esc to quit)
Okay, then.
Something hits you but does no damage.
Things that are here:
a dagger; a robe; an orc corpse A magic dart appears from out of thin air!
The magic dart hits you!
You die...

### #.# #.#
#############.#
.....o){o{)@..#
....#########.# .
#####.# #.. ....##
...#.###.# ......
#######.#...#.#
....<.
#...........#.#
......
.#####.#...#.#
##...... #.#####.#
#.......
##(......###.......


You could see 2 orcs.

Vanquished Creatures
  2 orc wizards (D:3)
  5 adders
  An ooze (D:2)
  A worm (D:2)
  2 giant geckos (D:2)
  8 bats
  2 giant cockroaches
  A hobgoblin (D:2)
  12 jackals
  7 kobolds
  A quokka (D:2)
  5 giant newts
  7 goblins
  3 rats
57 creatures vanquished.

Notes
Turn   | Place    | Note
--------------------------------------------------------------
     0 | D:1      | Ordine the Ogre Berserker began the quest for the Orb.
     0 | D:1      | Reached XP level 1. HP: 24/24 MP: 1/1
   220 | D:1      | Reached XP level 2. HP: 32/32 MP: 2/2
   607 | D:2      | Reached skill level 5 in Maces & Flails
   633 | D:2      | Reached XP level 3. HP: 25/39 MP: 3/3
  1236 | D:2      | Reached skill level 6 in Maces & Flails
  1374 | D:2      | Reached ** piety under Trog
  1374 | D:2      | Reached XP level 4. HP: 36/48 MP: 4/4
  2157 | D:3      | Reached skill level 7 in Maces & Flails
  2266 | D:3      | Reached XP level 5. HP: 40/54 MP: 5/5
  2278 | D:3      | HP: 2/54 [something/magic dart (8)]
  2280 | D:3      | Killed from afar by an orc wizard

Vault maps used:
D:1:      dpeg_arrival_stone_temple_mockup
D:2:      minmay_mini_jars

Action                   |  1- 3 |  4- 6 || total
-------------------------+-------+-------++-------
Melee: Mace              |   104 |    83 ||   187
Invok: Berserk           |       |     1 ||     1
       Trog's Hand       |       |     1 ||     1
  Use: Scroll            |     4 |     5 ||     9
       Potion            |       |     1 ||     1
  Eat: Chunk             |     1 |     4 ||     5
